 Dungeon Crawl Stone Soup version 0.19-a0-994-g3c636f0 (webtiles) character file.

97 4thArraOfDagon the Ruffian (level 4, 0/40 HPs)
             Began as a Troll Air Elementalist on July 17, 2016.
             Was an Initiate of the Shining One.
             Succumbed to an orc's poison
             ... on level 3 of the Dungeon.
             The game lasted 00:02:45 (482 turns).

4thArraOfDagon the Ruffian (Troll Air Elementalist)  Turns: 482, Time: 00:02:45

Health: 0/40       AC:  5    Str: 16      XL:     4   Next: 42%
Magic:  4/4        EV: 10    Int: 11 (12) God:    the Shining One [......]
Gold:   43         SH:  0    Dex:  9 (10) Spells: 2 memorised, 2 levels left

rFire  . . .     SeeInvis .       - Unarmed
rCold  . . .     Gourm    +     a - +0 robe
rNeg   . . .     Faith    .     (no shield)
rPois  .         Spirit   .     (helmet restricted)
rElec  .         Dismiss  .     (no cloak)
rCorr  .         Reflect  .     (gloves unavailable)
SustAt .         Harm     .     (boots unavailable)
MR     .....                    (no amulet)
Stlth  +.........               (no ring)
                                (no ring)

@: lethally poisoned (0 -> -34), flying, glowing, repel missiles, not resistant
to hostile enchantments, very unstealthy
A: unfitting armour, claws 3, fast metabolism 3, gourmand, regeneration 2,
shaggy fur 1, tough skin 2
a: Renounce Religion


You were on level 3 of the Dungeon.
You worshipped the Shining One.
The Shining One was noncommittal.
You were full.

You visited 2 branches of the dungeon, and saw 5 of its levels.

You collected 43 gold pieces.

Inventory:

Armour
 a - a +0 robe (worn)
Scrolls
 d - a scroll of amnesia {unknown}
 g - a scroll of teleportation {unknown}
Books
 b - a book of Air

   Spells                             Type                      Level
   a - Shock                          Conjuration/Air              1
   b - Swiftness                      Charms/Air                   2
   c - Repel Missiles                 Charms/Air                   2
   d - Static Discharge               Conjuration/Air              3
   e - Lightning Bolt                 Conjuration/Air              5
Comestibles
 c - 2 bread rations
 f - a meat ration


   Skills:
 + Level 0.7 Fighting
 + Level 1.9 Dodging
 - Level 1.1 Stealth
 * Level 3.6 Unarmed Combat
 - Level 1.2 Spellcasting
 - Level 0.6 Conjurations
 - Level 2.0 Air Magic
 + Level 0.3 Invocations


You had 2 spell levels left.
You knew the following spells:

 Your Spells              Type           Power        Failure   Level  Hunger
a - Shock                 Conj/Air       #...         21%         1    ##.....
b - Repel Missiles        Chrm/Air       #.....       34%         2    ###....


Dungeon Overview and Level Annotations

Branches:
Dungeon (4/15)             Temple (1/1) D:4

Altars:
Ashenzari
Hepliaklqana
Makhleb
Pakellas
Ru
Trog
Xom
Zin
The Shining One


Innate Abilities, Weirdness & Mutations

You are too large for most types of armour.
You have claws for hands.
Your metabolism is lightning-fast.
You like to eat raw meat.
You heal very quickly.
You are covered in fur. (AC +1)
You have very tough skin. (AC +2)


Message History

The orc's wounds heal themselves!
The orc barely misses you.
You scratch the orc but do no damage.
You feel sick.
You barely miss the orc.
You feel sick. The orc hits you with a whip of venom.
You are more poisoned.
You scratch the orc.
The orc is severely wounded.
You feel sick. The orc hits you with a whip of venom.
You are lethally poisoned!
The orc priest mumbles some strange prayers to Beogh against you.
Beogh smites you!
* * * LOW HITPOINT WARNING * * *
Enter note: hje It was a potion of flight.
You feel very buoyant.
You fly up into the air.
The Shining One protects you from harm! The orc hits you but does no damage.
You are more poisoned.
Unknown command.
You die...

^.....?..#...#
#..#.#.#o># #
......oo.o# .#
.#..#.#....# ..#
......oo#######..
#####o#o..o#....
# ####o#..#
#.#..# #.@..#
##.#.# #.# # #.#
... ###


You could see an orc priest and an orc.

Vanquished Creatures
  A hound (D:4)
  Ijyb (D:2)
  An adder (D:2)
  An ooze (D:1)
  A dart slug (D:2)
  7 orcs (D:3)
  2 bats
  2 hobgoblins
  A quokka (D:2)
  A goblin (D:2)
  A kobold (D:2)
  3 rats
22 creatures vanquished.

Notes
Turn   | Place    | Note
-------+----------+-------------------------------------------
     0 | D:1      | 4thArraOfDagon the Troll Air Elementalist began the quest for the Orb.
     0 | D:1      | Reached XP level 1. HP: 16/16 MP: 1/1
    10 | D:1      | Reached skill level 1 in Unarmed Combat
    81 | D:1      | Reached XP level 2. HP: 22/24 MP: 2/2
   142 | D:2      | Reached skill level 2 in Unarmed Combat
   230 | D:2      | Noticed Ijyb
   242 | D:2      | Killed Ijyb
   242 | D:2      | Reached skill level 3 in Unarmed Combat
   242 | D:2      | Reached XP level 3. HP: 28/31 MP: 3/3
   380 | D:4      | Found a staircase to the Ecumenical Temple.
   385 | Temple   | Entered the Ecumenical Temple
   403 | Temple   | Became a worshipper of the Shining One
   417 | Temple   | Learned a level 2 spell: Repel Missiles
   426 | D:4      | Reached XP level 4. HP: 38/40 MP: 1/4
   436 | D:4      | Noticed an ogre
   480 | D:3      | HP: 2/40 [orc priest/divine providence (11)]
   481 | D:3      | hje
   481 | D:3      | The Shining One protects you from harm!
   482 | D:3      | Succumbed to an orc's poison

Vault maps used:
D:1:      sevenhm_arrival_forest_fort_small_6, serial_bayou_lagoon_a,
          patterned_corridor
D:2:      fedhas_altar_fruit_tree, uniq_iyjb
D:3:      first_bread, minmay_misc_feat_nine_boxes, uniq_sigmund
D:4:      serial_shops, shop
Temple:   regret_index_temple_chain_breaker

Skill      XL: |  1  2 |
---------------+-------+-----
Unarmed Combat | 1 3 |  3.6
Fighting       | |  0.7
Dodging        | |  1.9
Stealth        | |  1.1
Spellcasting   | |  1.2
Conjurations   | |  0.6
Air Magic      | |  2.0
Invocations    | |  0.3

Action                   |  1- 3 |  4- 6 || total
-------------------------+-------+-------++-------
Melee: Unarmed           |    48 |    29 ||    77
       Punch             |       |     1 ||     1
 Cast: Repel Missiles    |     1 |       ||     1
  Use: Potion            |     1 |     1 ||     2
  Eat: Chunk             |     6 |       ||     6
Armor: Robe              |    88 |     9 ||    97
Dodge: Dodged            |    85 |     8 ||    93
